 Dungeon Crawl Stone Soup version 0.31.0-9-g3a7656b989 (webtiles) character file.

Game seed: 977260361997626513

8493 GordonOverkill the Bludgeoner (level 11, -3/84 HPs)
             Began as a Formicid Delver on Jan 25, 2024.
             Was an Elder of Okawaru.
             Slain by Snorg (17 damage)
             ... on level 10 of the Dungeon.
             The game lasted 00:26:03 (12027 turns).

GordonOverkill the Bludgeoner (Formicid Delver)    Turns: 12027, Time: 00:26:04

Health: -3/84      AC: 20    Str: 21    XL:     11   Next: 56%
Magic:  7/14       EV:  8    Int: 10    God:    Okawaru [****..]
Gold:   234        SH: 10    Dex: 15    Spells: 10/10 levels left

rFire   . . .        l - +1 morningstar (flame)
rCold   . . .        o - +0 kite shield
rNeg    . . .        C - +1 plate armour {rPois}
rPois   +            (helmet unavailable)
rElec   .            e - +2 cloak
rCorr   +            H - +0 pair of gloves
SInv    +            u - +0 pair of boots
Will    +....        (no amulet) Stlth
                     n - ring of flight
HPRegen 0.34/turn    w - ring of resist corrosion
MPRegen 0.14/turn

%: no passive effects
@: heroic, finesse-ful, flying
A: permanent stasis, dig shafts and tunnels, antennae 3, four strong arms
a: Dig, Shaft Self, Renounce Religion, Heroism, Finesse


You were on level 10 of the Dungeon.
You worshipped Okawaru.
Okawaru was greatly pleased with you.
You visited 1 branch of the dungeon, and saw 10 of its levels.

You collected 870 gold pieces.
You spent 636 gold pieces at shops.

Inventory:

Hand Weapons
 l - a +1 morningstar of flaming (weapon)
Missiles
 b - 2 throwing nets
 h - 6 curare-tipped darts (quivered)
 s - 51 poisoned darts
Armour
 e - a +2 cloak (worn)
 o - a +0 kite shield (worn)
 u - a +0 pair of boots (worn)
 B - +0 acid dragon scales
 C - a +1 plate armour of poison resistance (worn)
 H - a +0 pair of gloves (worn)
Jewellery
 n - a ring of flight (left hand)
 w - a ring of resist corrosion (right hand)
 z - a ring of magical power
Wands
 a - a wand of flame (9)
 f - a wand of digging (3)
 p - a wand of iceblast (9)
 v - a wand of quicksilver (12)
Scrolls
 c - 2 scrolls of fog
 d - 2 scrolls of revelation
 j - 3 scrolls of poison
 k - a scroll of vulnerability
 t - a scroll of amnesia
 y - 2 scrolls of enchant armour
 E - a scroll of blinking {unknown}
 F - a scroll of identify
 G - a scroll of fear
Potions
 g - 6 potions of enlightenment
 i - 2 potions of cancellation
 m - a potion of magic
 q - a potion of ambrosia {unknown}
 r - 2 potions of curing
 x - a potion of lignification {unknown}
 A - a potion of degeneration {unknown}
 D - a potion of heal wounds


   Skills:
 - Level 7.0(12.0) Fighting
 + Level 15.1(20.1) Maces & Flails
 - Level 1.0(6.0) Throwing
 - Level 2.0(7.0) Armour
 - Level 1.7(6.7) Dodging
 - Level 6.0(11.0) Stealth
 - Level 2.0(7.0) Shields
 - Level 5.0 Invocations
 - Level 3.0 Evocations


You had 10 spell levels left.
You didn't know any spells.
Your spell library contained the following spells:

 Spells                   Type           Power      Damage    Failure   Level
 Kiss of Death            Conj/Necr      0%         2d5       100%        1
 Shock                    Conj/Air       0%         1d3       100%        1
 Confusing Touch          Hex            0%         N/A       100%        3
 Ozocubu's Armour         Ice            0%         N/A       100%        3
 Airstrike                Air            0%         2d(0-16)  100%        4
 Dispel Undead            Necr           0%         3d6       100%        4
 Leda's Liquefaction      Alch/Erth      0%         N/A       100%        4
 Lee's Rapid Deconstruct  Erth           0%         3d4*      100%        5
 Metabolic Englaciation   Hex/Ice        0%         N/A       100%        5
 Bombard                  Conj/Erth      0%         9d1       100%        6
 Swiftness                Air            Unusable   N/A       N/A         3
 Sculpt Simulacrum        Ice/Alch       Unusable   N/A       N/A         6

Dungeon Overview and Level Annotations

Branches:
Dungeon (10/15)            Temple (0/1) D:7             Orc (0/2) D:9
   Lair: D:8-11

Altars:
Gozag
Okawaru
Yredelemnul
The Shining One

Shops:
D:5 ?   D:7 *   D:8 *   D:9 =

Annotations:
D:10 Snorg


Innate Abilities, Weirdness & Mutations

You cannot be hasted, slowed, berserked, paralysed or teleported.
You can dig through walls and to a lower floor.
You have a pair of large antennae on your head. (SInv)
Your four strong arms can wield two-handed weapons with a shield.


Message History

You are too injured to fight recklessly!
You are too injured to fight recklessly!
You are too injured to fight recklessly!
You gain the combat prowess of a mighty hero.
Snorg barely misses you. You block Snorg's attack. Snorg closely misses you.
You can now deal lightning-fast blows.
You block Snorg's attack. Snorg claws you but does no damage. x2
Snorg bites you!
* * * LOW HITPOINT WARNING * * *
Snorg closely misses you. You block Snorg's attack.
You impale Snorg!! You burn Snorg.
Snorg is moderately wounded.
You puncture Snorg! You burn Snorg.
Snorg is moderately wounded.
Snorg barely misses you. Snorg claws you!
* * * LOW HITPOINT WARNING * * *
You block Snorg's attack.
You closely miss Snorg.
Snorg is moderately wounded.
You bludgeon Snorg!! You burn Snorg.
Snorg is heavily wounded.
Snorg bites you.
* * * LOW HITPOINT WARNING * * *
Snorg completely misses you. You block Snorg's attack.
You hit Snorg. You burn Snorg.
Snorg is heavily wounded.
Snorg completely misses you. Snorg claws you!
* * * LOW HITPOINT WARNING * * *
Snorg claws you but does no damage.
You hit Snorg. You burn Snorg.
Snorg is heavily wounded.
You hit Snorg. You burn Snorg.
Snorg is heavily wounded.
You block Snorg's attack. Snorg claws you but does no damage. x2
You puncture Snorg! You burn Snorg.
Snorg is severely wounded.
You closely miss Snorg.
Snorg is severely wounded.
Snorg bites you but does no damage. Snorg claws you!
You die...

.####.................#.#
.# #.#.................#
.####.##..................
...##.##...............##.
<...#.##...............#
......##.........?.....#
.......[................#
.............).#.....##..
................@........
..........#.####T#.#####
......###<..# #...#
......#...### .....
....#...### .....#
...##.### #.....# ##.#..#
#.?...# ...#.## #...<.#
####.#


You could see Snorg (berserk, poisoned).

Vanquished Creatures
  Erolcha (D:10)
  Joseph (D:7)
  Maggie (D:7)
  A kobold demonologist (D:8)
  A shadow (D:9)
  10 yaks
  A steam dragon (D:7)
  Menkaure (D:7)
  4 water moccasins
  An ice beast (D:6)
  3 sky beasts (D:6)
  6 orc warriors
  3 ogres
  5 centaurs
  2 phantoms
  13 kobold brigands
  3 bullfrogs
  3 gnoll sergeants
  3 scorpions
  5 killer bees (D:9)
  3 jellies
  A howler monkey (D:5)
  2 bombardier beetles
  9 orc priests
  3 gnoll boudas
  A hound (D:6)
  A sleepcap (D:7)
  6 iguanas
  6 orc wizards
  25 gnolls
  10 adders
  2 shadow imps
  3 white imps
  4 ufetubi
  4 dart slugs
  A ribbon worm (D:2)
  43 orcs
  13 ball pythons
  4 endoplasms
  2 giant cockroaches
  5 goblins
  7 hobgoblins
  12 jackals
  3 quokkas
  5 bats
  5 frilled lizards
  27 kobolds
  4 rats
279 creatures vanquished.

Notes
Turn   | Place    | Note
-------+----------+-------------------------------------------
     0 | D:5      | GordonOverkill the Formicid Delver began the quest for the
                  | Orb.
     0 | D:5      | Reached XP level 1. HP: 18/18 MP: 1/1
   116 | D:5      | Noticed an iguana
   137 | D:5      | Noticed an ogre
   149 | D:4      | Reached XP level 2. HP: 23/25 MP: 2/2
   211 | D:3      | Found an iron altar of Okawaru.
   225 | D:3      | Became a worshipper of Warmaster Okawaru
   493 | D:1      | Reached XP level 3. HP: 30/30 MP: 3/3
   510 | D:1      | Found a faded altar of an unknown god.
  1094 | D:2      | Reached skill level 3 in Maces & Flails
  1170 | D:2      | Reached XP level 4. HP: 13/37 MP: 4/4
  1990 | D:3      | Reached skill level 4 in Maces & Flails
  2458 | D:3      | Reached skill level 1 in Shields
  2504 | D:3      | Reached XP level 5. HP: 42/42 MP: 5/5
  2585 | D:3      | Reached skill level 1 in Armour
  3360 | D:4      | Found a basalt altar of Yredelemnul.
  3365 | D:4      | Noticed an ice beast
  3755 | D:4      | Reached skill level 1 in Invocations
  3785 | D:4      | Noticed a phantom
  3988 | D:4      | Killed a phantom
  3989 | D:4      | Reached XP level 6. HP: 38/48 MP: 5/7
  4112 | D:4      | Reached skill level 5 in Maces & Flails
  5115 | D:5      | Reached XP level 7. HP: 50/54 MP: 8/8
  5157 | D:5      | Reached * piety under Okawaru
  5168 | D:5      | Reached skill level 6 in Maces & Flails
  5595 | D:5      | Found Xoix's Magic Scroll Emporium.
  5696 | D:5      | Reached skill level 7 in Maces & Flails
  5900 | D:5      | Reached skill level 5 in Fighting
  5900 | D:5      | Reached XP level 8. HP: 62/62 MP: 9/9
  6515 | D:6      | Reached skill level 8 in Maces & Flails
  6655 | D:6      | Noticed a gargoyle
  6656 | D:6      | Noticed a komodo dragon
  7055 | D:6      | Reached skill level 9 in Maces & Flails
  7094 | D:6      | Reached XP level 9. HP: 26/68 MP: 8/10
  7295 | D:6      | Reached skill level 10 in Maces & Flails
  7295 | D:6      | Reached skill level 1 in Throwing
  7726 | D:6      | Reached skill level 11 in Maces & Flails
  8034 | D:6      | Found a glowing golden altar of the Shining One.
  8042 | D:6      | Found an opulent altar of Gozag.
  8109 | D:7      | Found a staircase to the Ecumenical Temple.
  8151 | D:7      | Reached skill level 1 in Evocations
  8222 | D:7      | Noticed Menkaure
  8230 | D:7      | Killed Menkaure
  8230 | D:7      | Reached ** piety under Okawaru
  8245 | D:7      | Noticed Joseph
  8669 | D:7      | Reached XP level 10. HP: 74/74 MP: 11/11
  8954 | D:7      | Killed Joseph
  8955 | D:7      | Reached skill level 12 in Maces & Flails
  9236 | D:7      | Found Ikkij's Assorted Antiques.
  9236 | D:7      | Noticed Maggie
  9250 | D:7      | Killed Maggie
  9251 | D:7      | Reached skill level 13 in Maces & Flails
  9278 | D:7      | Bought a scroll labelled NUH PUNUETTONG for 26 gold pieces
  9278 | D:7      | Bought a knobbly golden ring for 130 gold pieces
  9892 | D:8      | Reached *** piety under Okawaru
 10011 | D:8      | Found Promiwn's Practical Paraphernalia.
 10017 | D:8      | Bought a +1 plate armour of poison resistance for 480 gold
                  | pieces
 10205 | D:8      | Reached skill level 14 in Maces & Flails
 10341 | D:8      | Noticed a kobold demonologist
 10349 | D:8      | Noticed a sun demon
 10350 | D:8      | Noticed a rust devil
 10363 | D:8      | You are sucked into a shaft and drop 1 floor!
 10461 | D:9      | Reached XP level 11. HP: 50/74 MP: 12/12
 10563 | D:9      | Reached **** piety under Okawaru
 10625 | D:9      | Found Vefaxeom's Jewellery Boutique.
 11265 | D:9      | Found a staircase to the Orcish Mines.
 11287 | D:9      | Reached skill level 5 in Invocations
 11802 | D:10     | Entered Level 10 of the Dungeon
 11864 | D:10     | Noticed Erolcha
 11891 | D:10     | Killed Erolcha
 11967 | D:10     | Reached skill level 15 in Maces & Flails
 12011 | D:10     | Noticed Snorg
 12027 | D:10     | Slain by Snorg

Illustrated notes

Levels and vault maps discovered:
D:1:      roderic_octagonal_star, layout_rooms, serial_forest,
          infiniplex_forest_corner_1, infiniplex_forest_clump_small,
          infiniplex_forest_clump_curved, infiniplex_forest_straight_4,
          infiniplex_forest_end_2, ebering_ecumenical_altar_hall
D:2:      layout_rooms, grunt_decor_junction
D:3:      layout_basic, mainiacjoe_overflow_concentric_impassable,
          serial_park_tiny_1, minmay_snake_closets
D:4:      layout_basic, mainiacjoe_overflow_alcove_4, kennysheep_generic_room_11
D:5:      minmay_skewed_foursquare, layout_basic, serial_shops,
          nicolae_shop_crystal, grunt_decor_cap
D:6:      minmay_polygon_palace, layout_cave_pools, jmf_multi_god_temple2,
          lightli_corner_chamber
D:7:      layout_loops_ring, minmay_temple_entry_junction_2, serial_shops,
          shop_fountains, uniq_joseph, uniq_maggie, uniq_menkaure
D:8:      layout_basic, special_room [special_room_kobold],
          nicolae_alphabet_shops, grunt_ministairs_1
D:9:      layout_basic, david_orc_5, serial_shops, nicolae_shop_waterfront,
          dreamdust_mushroom_princess
D:10:     layout_rooms, uniq_erolcha, uniq_snorg, uniq_urug

Skill      XL: |  1  2  3  4  5  6  7  8  9 10 11 |
---------------+----------------------------------+-----
Fighting       | 4 5 6 7 |  7.0
Maces & Flails | 3 4 5 7 9 11 14 15 | 15.1
Shields        | 2 |  2.0
Armour         | 2 |  2.0
Invocations    | 2 5 |  5.0
Throwing       | 1 |  1.0
Evocations     | 3 |  3.0
Dodging        | |  1.7
Stealth        | |  6.0

Action                     |  1- 3 |  4- 6 |  7- 9 | 10-12 || total
---------------------------+-------+-------+-------+-------++-------
  Melee: Mace              |    66 |    22 |       |       ||    88
         Flail             |       |   202 |   356 |    10 ||   568
         Morningstar       |       |       |     1 |   392 ||   393
  Throw: Dart              |       |     4 |    10 |     5 ||    19
         Throwing net      |       |       |     6 |       ||     6
 Invoke: Heroism           |       |       |     8 |     6 ||    14
         Finesse           |       |       |       |     1 ||     1
Ability: Dig               |       |     1 |     7 |    10 ||    18
         Shaft Self        |       |       |       |     1 ||     1
  Evoke: Wand              |       |       |    21 |       ||    21
    Use: Scroll            |     2 |     8 |     1 |     4 ||    15
         Potion            |     1 |     4 |     3 |       ||     8
   Stab: Sleeping          |     9 |     7 |       |       ||    16
         Held in net/web   |       |       |     1 |       ||     1
 Armour: Leather armour    |    37 |    55 |       |       ||    92
         Ring mail         |       |    15 |       |       ||    15
         Chain mail        |       |    71 |   139 |       ||   210
         Plate armour      |       |       |    95 |   258 ||   353
  Dodge: Dodged            |    35 |    95 |    89 |    60 ||   279
  Block: Kite shield       |    10 |   107 |   150 |   148 ||   415
